Map: [ESL] Oceanborn

Players

Bunny - Winner!

  • Race: Terran Terran
  • Spawn Location: 5:00

Vindicta

  • Race: Terran Terran
  • Spawn Location: 11:00

Event: ESL SC2 Masters 2023 Winter (Finals)

VOD

Have the link to the VOD?

Description

Time

  • Played on: Dec. 15, 2023, 6:29 p.m.
  • Length: 8:00

All games in this series

Show
View Real Time Build Order
Export as new Build Order

Bunny Terran - Winner!

Build Orders: Cyclone Opening 

Get SALT Encoding   

  12  0:00  SCV  
  13  0:12  SCV  
  14  0:17  Supply Depot  
  14  0:24  SCV  
  15  0:38  SCV  
  15  0:40  Barracks  
  15  0:42  Refinery  
  16  0:50  SCV  
  16  0:52  Refinery  
  17  1:02  SCV  
  18  1:15  SCV  
  19  1:27  Orbital Command, Reaper  
  19  1:30  Supply Depot  
  20  1:41  Factory  
  20  1:52  SCV  
  21  1:59  Barracks Reactor  
  21  2:04  SCV  
  22  2:16  SCV  
  22  2:21  Command Center  
  23  2:28  SCV  
  24  2:39  Cyclone x2  
  24  2:40  SCV  
  24  2:43  Supply Depot  
  29  2:52  Starport  
  29  2:55  SCV  
  30  3:07  SCV  
  30  3:11  Cyclone  
  30  3:12  Cyclone  
  35  3:19  SCV  
  36  3:28  Medivac  
  37  3:35  Orbital Command  
  37  3:38  SCV  
  38  3:43  Cyclone  
  38  3:44  Cyclone, Refinery  
  42  3:50  SCV  
  42  3:53  Supply Depot  
  43  4:00  Starport Tech Lab  
  43  4:02  SCV  
  44  4:05  SCV  
  45  4:14  SCV  
  46  4:19  Raven  
  46  4:20  SCV  
  49  4:26  SCV  
  49  4:27  Interference Matrix  
  50  4:31  Command Center, Factory Tech Lab  
  50  4:34  Marine  
  50  4:35  Marine  
  52  4:40  SCV x2  
  54  4:50  Siege Tank  
  57  4:56  SCV  
  57  4:57  SCV  
  57  4:58  Raven  
  60  5:12  SCV x2  
  60  5:13  Supply Depot x2  
  62  5:29  SCV x2  
  62  5:33  Marine x2  
  62  5:35  Siege Tank  
  65  5:37  Raven  
  65  5:41  SCV x2  
  69  5:45  Orbital Command  
  69  5:51  Marine x2  
  69  5:53  SCV x2  
  69  5:55  Barracks x2, Supply Depot  
  69  5:56  Refinery  
  73  6:07  Siege Tank  
  73  6:10  SCV x2  
  78  6:24  Viking x2  
  78  6:25  Marine, Engineering Bay x2  
  79  6:29  SCV x3  
  82  6:35  Barracks  
  82  6:38  Barracks  
  82  6:46  Barracks Reactor  
  82  6:54  Viking  
  82  6:57  Siege Tank  
  82  7:00  SCV x3  
  82  7:01  Barracks Reactor  
  90  7:04  Marine  
  90  7:06  Viking  
  93  7:22  Marine  
  93  7:28  Barracks Reactor, Marine  
  97  7:38  Barracks Reactor  
  97  7:39  Marine  
  97  7:40  Barracks Reactor  
  97  7:42  Supply Depot  
Show
View Real Time Build Order
Export as new Build Order

Vindicta Terran 

Build Orders:  

Get SALT Encoding   

  12  0:00  SCV  
  13  0:12  SCV  
  14  0:16  Supply Depot  
  14  0:24  SCV  
  15  0:38  SCV  
  15  0:40  Barracks  
  16  0:43  Refinery  
  16  0:50  SCV  
  16  0:53  Refinery  
  17  1:02  SCV  
  18  1:14  SCV  
  19  1:26  Orbital Command, Reaper  
  20  1:32  Supply Depot  
  20  1:43  Factory  
  20  1:52  SCV  
  21  1:58  Reaper  
  22  2:04  SCV  
  23  2:16  SCV  
  24  2:23  Command Center  
  24  2:28  Hellion  
  26  2:31  Barracks Reactor  
  26  2:34  SCV  
  27  2:42  Starport  
  27  2:46  SCV  
  27  2:49  Widow Mine  
  30  2:54  Supply Depot  
  31  2:58  SCV  
  31  3:12  Factory Tech Lab, Refinery  
  31  3:15  Factory Tech Lab  
  31  3:16  Marine x2  
  33  3:23  Starport Tech Lab, SCV  
  34  3:33  Marine x2  
  34  3:35  Siege Tank  
  36  3:47  Raven  
  36  3:51  Marine x2  
  36  3:55  SCV  
  39  4:07  Siege Tank, SCV  
  39  4:09  Marine x2  
  41  4:19  SCV  
  42  4:27  Orbital Command  
  42  4:29  Marine  
  44  4:31  SCV  
  44  4:35  Raven  
  46  4:43  SCV  
  42  4:55  SCV  
  42  4:56  SCV  
  42  5:06  Siege Tank, Marine  
  46  5:08  SCV  
  46  5:09  Marine  
  46  5:10  Supply Depot  
  48  5:16  SCV  
  48  5:20  SCV  
  46  5:32  SCV x2  
  46  5:35  Supply Depot  
  48  5:38  Siege Tank  
  50  5:43  Viking  
  50  5:48  Viking, SCV x2  
  54  5:56  Marine  
  55  5:58  Supply Depot  
  55  6:00  SCV  
  56  6:05  SCV  
  57  6:13  Siege Tank  
  57  6:14  Marine  
  62  6:20  Supply Depot  
  62  6:24  Viking  
  63  6:27  SCV  
  63  6:28  Supply Depot  
  65  6:33  Refinery  
  65  6:34  Supply Depot, Refinery  
  65  6:35  Viking  
  65  6:39  SCV  
  68  6:44  Supply Depot  
  67  6:55  SCV  
  67  6:59  Viking  
  67  7:00  SCV  
  71  7:05  Viking  
  71  7:07  SCV  
  71  7:08  Supply Depot  
  74  7:22  SCV  
  75  7:29  Viking  
  74  7:42  SCV  
  74  7:43  SCV  
Tags
 
Add a new tag
Caveats
  • Supply blocks, unpowered buildings, or Contaminate may cause inaccurate times.
  • Supply counts are checked every 10 seconds.